AoeStats
← Stroke My Dill

Baltic

510430693Analyzed
2v2 RM · 1d ago on Oct 1, 2026· 65m 43s· 4 players
Game mode
Random Map
Map size
Medium (4 player)
Population
200
Speed
Normal
Resources
Standard
Victory
Conquest
Starting age
Dark Age
Ending age
Imperial Age
RankedLock teamsTeams togetherTeam positionsShared explorationLock speedFull tech treeHidden civsTurbo modeCheats
Victory
Defeat
🇺🇸 Teutons · United States
618
+14
🇺🇸 Romans · United States
563
+15
🇺🇸 Japanese · United States
578
-15
🇺🇸 Sicilians · United States
552
-14
INTER6636
0:35 Loom
11:56 Feudal Age
19:39 Castle Age
31:29 Imperial Age
59:59 Squires
60:23 Double-Bit Axe
64:41 Horse Collar
Big Tasty
11:15 Feudal Age
12:31 Wheelbarrow
11:47 Double-Bit Axe
11:46 Horse Collar
15:00 Loom
15:01 Town Watch
17:10 Fishing Lines
24:44 Castle Age
25:39 Stone Mining
26:03 Bow Saw
26:43 Hand Cart
26:29 Town Patrol
26:36 Heavy Plow
26:08 Pikeman
29:42 Stone Shaft Mining
29:01 Gold Mining
30:08 Scale Mail Armor
30:08 Padded Archer Armor
29:59 Fletching
30:20 Forging
30:16 Scale Barding Armor
31:25 Caravan
31:44 Squires
31:29 Arson
33:12 Fortified Wall
37:46 Imperial Age
36:28 Elite Skirmisher
37:50 Iron Casting
37:31 Chain Mail Armor
37:31 Leather Archer Armor
37:12 Bodkin Arrow
37:47 Gillnets
38:24 Elite Teutonic Knight
41:37 Crenellations
43:33 Conscription
45:34 Plate Mail Armor
46:04 Blast Furnace
45:26 Chain Barding Armor
46:19 Hoardings
50:57 Crop Rotation
51:32 Two-Man Saw
51:34 Chemistry
50:21 Arrowslits
64:46 Coinage
64:26 Guilds
SlapxNxTickle
9:29 Feudal Age
11:24 Man-at-Arms
13:03 Arson
14:35 Forging
14:25 Scale Mail Armor
20:10 Scale Mail Armor
23:36 Horse Collar
23:45 Double-Bit Axe
30:08 Castle Age
28:30 Loom
32:33 Iron Casting
34:33 Chain Mail Armor
39:15 Treadmill Crane
42:50 Imperial Age
49:47 Elite Samurai
50:51 Conscription
51:43 Plate Mail Armor
60:02 Blast Furnace
61:02 Theocracy
61:01 Redemption
61:28 Block Printing
Stroke My Dill
10:05 Loom
13:32 Feudal Age
14:35 Arson
16:46 Forging
16:38 Scale Mail Armor
16:24 Horse Collar
16:48 Double-Bit Axe
24:26 Fletching
28:17 Castle Age
28:23 Castle Age
26:43 Stone Mining
26:45 Gold Mining
31:20 Stone Shaft Mining
31:22 Gold Shaft Mining
34:14 Heavy Plow
34:54 Wheelbarrow
34:24 Squires
41:53 Iron Casting
41:34 Chain Mail Armor
41:14 Bodkin Arrow
45:27 Imperial Age
44:50 Hand Cart
45:29 Ballistics
45:22 Masonry
45:20 Town Watch
45:40 Murder Holes
45:38 Elite Serjeant
47:50 Chemistry
46:42 Arrowslits
52:31 Siege Engineers
55:47 Hoardings
Connection lost

Rejoining the realm…

Still unreachable

The connection could not be restored.

Session expired

The server has moved on; the page needs a fresh start.